 Dungeon Crawl Stone Soup version 0.26-a0-362-g1d9a9cd4fa (webtiles) character file.

Game seed: 4630506774482314033

105897 MrRokkomies the Unseen (level 15, -24/72 HPs)
             Began as a Spriggan Venom Mage on July 17, 2020.
             Was a High Priest of Sif Muna.
             Hit by a large rock thrown by a cyclops (46 damage)
             ... on level 13 of the Dungeon on July 18, 2020.
             The game lasted 01:49:02 (30947 turns).

MrRokkomies the Unseen (Spriggan Venom Mage)       Turns: 30947, Time: 01:49:02

Health: -24/72     AC:  5    Str:  9    XL:     15   Next: 96%
Magic:  18/28      EV: 29    Int: 27    God:    Sif Muna [*****.]
Gold:   1400       SH: 10    Dex: 24    Spells: 1/30 levels left

rFire    + . .     SeeInvis +   a - +10 quick blade "Baeplop" {pain, +Blink rElec rPois rF+}
rCold    . . .     Faith    +   X - +1 buckler {AC+3}
rNeg     . . .     Spirit   .   P - +0 robe "Nefuet" {Int+4}
rPois    +         Reflect  .   (helmet restricted)
rElec    +         Harm     .   U - scarf {+Inv}
rCorr    .                      (gloves unavailable)
MR       ++...                  (boots unavailable)
Stlth    ++++++....             F - amulet of faith
HPRegen  0.22/turn              u - +6 ring of dexterity
MPRegen  0.21/turn              L - +6 ring of intelligence

@: radiating poison, very quick
A: very small, unfitting armour, see invisible, speed 3
a: Channel Magic, Forget Spell, Divine Exegesis, Renounce Religion, Evoke Blink,
Evoke Invisibility


You were on level 13 of the Dungeon.
You worshipped Sif Muna.
Sif Muna was extremely pleased with you.
You visited 4 branches of the dungeon, and saw 22 of its levels.
You also visited: Bailey and Volcano.

You collected 2658 gold pieces.
You spent 1258 gold pieces at shops.

Inventory:

Hand Weapons
 a - the +10 quick blade "Baeplop" (weapon) {pain, +Blink rElec rPois rF+}
   (You acquired it in a bailey)

   In the hands of one skilled in necromantic magic, it inflicts extra damage on
   living creatures.
   It protects you from fire.
   It insulates you from electricity.
   It protects you from poison.
   It lets you blink.
Missiles
 k - 9 curare-tipped darts
 x - 40 boomerangs (quivered)
Armour
 g - a +2 robe of fire resistance
 h - a +2 cloak
 P - the +0 robe "Nefuet" (worn) {Int+4}
   (You found it on level 11 of the Dungeon)

   It affects your intelligence (+4).
 U - a scarf of invisibility (worn)
 X - a +1 buckler of protection (worn)
Jewellery
 q - an uncursed ring of flight
 u - a +6 ring of dexterity (left hand)
 B - an uncursed ring of resist corrosion {unknown}
 F - an amulet of faith (around neck)
 J - an uncursed amulet of reflection
 L - a +6 ring of intelligence (right hand)
 R - an uncursed ring of resist corrosion {unknown}
 S - an uncursed ring of protection from fire
Wands
 r - a wand of iceblast (11)
 y - a wand of clouds (18)
 A - a wand of polymorph (14)
 K - a wand of acid (4)
 M - a wand of enslavement (3)
 N - a wand of paralysis (16)
 T - a wand of disintegration (12)
 Z - a wand of flame (12)
Scrolls
 b - 2 scrolls of immolation
 c - 7 scrolls of remove curse
 d - 15 scrolls of teleportation
 e - 7 scrolls of identify
 f - 2 scrolls of fog
 i - 2 scrolls of magic mapping
 l - 2 scrolls of fear
 z - 7 scrolls of enchant weapon
 D - 2 scrolls of blinking
 H - 7 scrolls of enchant armour
Potions
 j - 2 potions of brilliance
 m - a potion of magic
 n - 2 potions of mutation
 o - 3 potions of flight
 p - a potion of resistance
 s - 2 potions of stabbing
 t - 9 potions of curing
 v - a potion of invisibility
 w - 4 potions of ambrosia
 C - 3 potions of lignification
 E - 3 potions of berserk rage
 G - 3 potions of heal wounds
 O - 3 potions of might
 Q - 7 potions of haste
Miscellaneous
 I - a phantom mirror


   Skills:
 + Level 5.2 Fighting
 - Level 10.0 Short Blades
 - Level 10.0 Dodging
 - Level 15.0 Stealth
 + Level 6.3 Shields
 - Level 8.0 Spellcasting
 * Level 10.3 Necromancy
 - Level 5.0 Transmutations
 - Level 5.0 Air Magic
 - Level 10.0 Poison Magic
 * Level 13.0 Invocations


You had one spell level left.
You knew the following spells:

 Your Spells              Type           Power        Failure   Level
a - Animate Dead          Necr           ######....   1%          4
b - Poisonous Vapours     Pois/Air       ######       1%          2
c - Mephitic Cloud        Conj/Pois/Air  #####...     1%          3
d - Ignite Poison         Fire/Tmut/Pois #####...     1%          3
e - Olgreb's Toxic Radia  Pois           ######..     1%          4
f - Eringya's Noxious Bo  Tmut/Pois      ######....   36%         6
g - Dispel Undead         Necr           ######..     1%          4
h - Confusing Touch       Hex            ##......     16%         3

Your spell library contained the following spells:

 Spells                   Type           Power        Failure   Level
 Animate Skeleton         Necr           ######       1%          1
 Beastly Appendage        Tmut           #####.       1%          1
 Pain                     Necr           ####         1%          1
 Shock                    Conj/Air       ###.         1%          1
 Sting                    Tmut/Pois      ####         1%          1
 Corona                   Hex            ##.....      5%          1
 Sandblast                Erth           ##....       5%          1
 Corpse Rot               Necr/Air       N/A          1%          2
 Sublimation of Blood     Necr           ######....   1%          2
 Swiftness                Air            #####...     1%          2
 Spider Form              Tmut/Pois      ######....   1%          3
 Vampiric Draining        Necr           ######....   1%          3
 Agony                    Necr           ######..     2%          5
 Excruciating Wounds      Necr           ######....   2%          5
 Passwall                 Tmut/Erth      ###.....     3%          2
 Static Discharge         Conj/Air       ###.....     6%          3
 Airstrike                Air            #####.....   7%          4
 Alistair's Intoxication  Tmut/Pois      ######..     7%          5
 Blink                    Tloc           N/A          9%          2
 Ensorcelled Hibernation  Hex/Ice        ##....       9%          2
 Slow                     Hex            ##......     9%          2
 Call Canine Familiar     Summ           ##......     16%         3
 Gell's Gravitas          Tloc           ##........   16%         3
 Inner Flame              Hex/Fire       ##......     16%         3
 Ozocubu's Armour         Ice            ##......     16%         3
 Portal Projectile        Hex/Tloc       ##....       16%         3
 Stone Arrow              Conj/Erth      ##....       16%         3
 Summon Guardian Golem    Hex/Summ       ##......     16%         3
 Teleport Other           Tloc           ##......     16%         3
 Tukima's Dance           Hex            ##......     16%         3
 Ice Form                 Ice/Tmut       ###.....     19%         4
 Petrify                  Tmut/Erth      ###.....     19%         4
 Summon Lightning Spire   Summ/Air       ###.....     19%         4
 Blade Hands              Tmut           #####.....   19%         5
 Borgnjor's Vile Clutch   Necr/Erth      #####.....   19%         5
 Cause Fear               Hex            ##........   47%         4
 Leda's Liquefaction      Hex/Erth       ##........   47%         4
 Summon Ice Beast         Ice/Summ       ##......     47%         4
 Lightning Bolt           Conj/Air       ###.......   47%         5
 Yara's Violent Unravell  Hex/Tmut       ###.......   47%         5
 Hydra Form               Tmut           #####.....   71%         6
 Lee's Rapid Deconstruct  Erth           ##........   83%         5
 Metabolic Englaciation   Hex/Ice        ##........   83%         5
 Summon Forest            Summ/Tloc      ##........   83%         5
 Summon Mana Viper        Hex/Summ       ##......     83%         5
 Borgnjor's Revivificati  Necr           ######....   99%         8
 Infestation              Necr           ######....   99%         8
 Shadow Creatures         Summ           N/A          100%        6
 Necromutation            Tmut/Necr      ######....   100%        8
 Absolute Zero            Ice            ##........   100%        9


Dungeon Overview and Level Annotations

Branches:
Dungeon (13/15)            Temple (1/1) D:5            Lair (6/6) D:10
 Shoals (0/4) Lair:4       Spider (0/4) Lair:4        Slime (0/5) Lair:5
    Orc (2/2) D:11            Elf (0/3) Orc:2        Vaults (0/5) D:13
 Bailey (visited)         Volcano (visited)

Altars:
Ashenzari
Cheibriados
Dithmenos
Elyvilon
Fedhas
Gozag
Hepliaklqana
Kikubaaqudgha
Makhleb
Nemelex Xobeh
Okawaru
Qazlal
Ru
Sif Muna
Trog
Uskayaw
Vehumet
Wu Jian
Xom
Yredelemnul
Zin
The Shining One
Beogh
Jiyva

Shops:
D:4 *}?*   D:8 !   D:9 ?   Orc:2 }(([

Annotations:
D:7 3 runed translucent doors, BritishOli's ghost, novice DsFi; ICC's ghost, novice VSFi; nojaa's ghost, novice DDDe; stillor's ghost, novice DsGl
Lair:3 exclusion: 2 oklob plants


Innate Abilities, Weirdness & Mutations

You are very small and have problems with some larger weapons.
You are too small for most types of armour.
You have supernaturally acute eyesight. (SInv)
You cover ground extremely quickly.


Message History

Sif Muna accepts your kill.
The hornet seems to burn from within!!
You kill the hornet!
Sif Muna accepts your kill.
The hornet's shape twists and changes as it dies.
The cyclops seems to burn from within!!
The cyclops is heavily wounded.
You block the hippogriff's attack.
The hippogriff completely misses you. x2
Unknown command.
Unknown command.
Casting: Ignite Poison (safe; 1% risk of failure)
Confirm with . or Enter, or press ? or * to list all spells.
You begin to radiate toxic energy.
The cyclops is poisoned.
The hippogriff is poisoned.
The centaur warrior is poisoned.
You kill the hippogriff!
Sif Muna accepts your kill.
The centaur warrior shoots an arrow.
The arrow completely misses you.
The cyclops throws a large rock.
The large rock hits you!!!
Ouch! That really hurt!
You die...

### ..##
....#
###C...#
#####
#@'c)..+
#...##
#.#†...#
.....#
#.# ...#
.....#
#.## .##
.###.#
#.≈####
## #.#
#.#...#
#.#
#.....#
#.#
###...#
#.#
####...#


You could see a centaur warrior (poisoned) and a cyclops (poisoned).

Vanquished Creatures
  2 orc warlords
  4 dire elephants (Lair:6)
  Snorg (Lair:5)
  6 hydras
  An ogre mage (D:10)
  An anaconda (Lair:6)
  2 centaur warriors
  A death knight (D:11)
  3 two-headed ogres
  8 death yaks
  Urug (D:11)
  2 orc high priests (Orc:2)
  A sun demon (Volcano)
  An unseen horror (D:10)
  7 orc knights
  Pikel (D:6)
  A manticore (Lair:4)
  3 ugly things
  2 deep elf magi (D:10)
  2 cyclopes
  2 orc sorcerers
  12 elephants (Lair:6)
  5 black mambas
  2 gargoyles (D:11)
  Maggie (D:7)
  8 cane toads
  7 komodo dragons
  A centaur skeleton (D:12)
  7 rime drakes
  5 trolls
  A red devil (Volcano)
  A jumping spider (Lair:4)
  2 polar bears
  Prince Ribbit (D:5)
  A hornet (shapeshifter) (D:13)
  21 blink frogs
  12 hippogriffs
  5 dream sheep (Lair:5)
  5 slime creatures (D:12)
  Sigmund (D:6)
  8 wyverns
  4 wraiths
  Eustachio (D:6)
  7 basilisks
  34 yaks
  11 fire bats (Volcano)
  14 humans (D:13)
  Grum (D:11)
  A steam dragon (D:10)
  7 wargs
  10 water moccasins
  2 acid dragons
  2 hell hounds (Volcano)
  6 porcupines
  48 orc warriors
  2 ice beasts
  An eye of draining (D:13)
  7 ogres
  A black bear (D:6)
  6 centaurs
  A phantom (D:7)
  14 wolves
  A lemure (D:6)
  14 crocodiles
  A big kobold (shapeshifter) (D:8)
  3 big kobolds
  17 bullfrogs
  A gnoll sergeant (D:13)
  2 wyvern skeletons
  4 scorpions
  3 killer bees (D:13)
  20 wights
  A howler monkey (D:7)
  5 electric eels
  5 lava snakes (Volcano)
  8 hounds
  3 jellies
  Crazy Yiuf (D:2)
  A gnoll shaman (D:6)
  22 orc priests
  3 bullfrog skeletons
  4 iguanas
  30 orc wizards
  A hell rat (Lair:2)
  4 worker ants
  A killer bee zombie (D:7)
  A worker ant zombie (D:11)
  12 gnolls
  7 adders
  2 shadow imps
  2 white imps
  An ufetubus (D:5)
  4 oozes
  5 adder skeletons
  3 worms (D:2)
  2 dart slugs (D:2)
  8 leopard geckos
  155 orcs
  6 bats
  9 giant cockroaches
  8 hobgoblins
  9 jackals
  9 quokkas
  A ball python (D:1)
  A ball python skeleton (D:4)
  7 frilled lizards
  11 goblins
  A jackal skeleton (D:8)
  21 kobolds
  7 rats
  6 plants
791 creatures vanquished.

Vanquished Creatures (collateral kills)
  A cane toad (Lair:6)
  2 rime drakes (Lair:4)
  A hippogriff (Lair:4)
  3 wyverns (Lair:4)
  2 humans (D:13)
  A hell hound (Lair:4)
10 creatures vanquished.

Vanquished Creatures (others)
  15 fungi
  13 plants
28 creatures vanquished.

Grand Total: 829 creatures vanquished

Notes
Turn   | Place    | Note
-------+----------+-------------------------------------------
     0 | D:1      | MrRokkomies the Spriggan Venom Mage began the quest for the
                  | Orb.
     0 | D:1      | Reached XP level 1. HP: 9/9 MP: 5/5
   222 | D:1      | Reached XP level 2. HP: 9/13 MP: 3/6
  1193 | D:1      | Reached XP level 3. HP: 16/16 MP: 8/8
  1610 | D:2      | Learned a level 2 spell: Poisonous Vapours
  1616 | D:2      | Learned a level 3 spell: Mephitic Cloud
  2035 | D:2      | Reached XP level 4. HP: 20/21 MP: 9/9
  2284 | D:2      | Found a runed translucent door.
  2285 | D:2      | Noticed Crazy Yiuf
  2303 | D:2      | Killed Crazy Yiuf
  2303 | D:2      | Reached skill level 4 in Stealth
  2649 | D:2      | Found a hide-covered altar of Uskayaw.
  2932 | D:3      | Reached XP level 5. HP: 20/24 MP: 5/10
  3304 | D:3      | Found a snail-covered altar of Cheibriados.
  3733 | D:4      | Learned a level 3 spell: Ignite Poison
  3737 | D:4      | Found Sokeorch's Magic Scroll Emporium.
  3837 | D:4      | Found Yleatie's Assorted Antiques.
  4281 | D:4      | Found Hegrabutaxt's Gadget Shoppe.
  4286 | D:4      | Bought a wand of iceblast (14) for 216 gold pieces
  4782 | D:4      | Found Jaeqeasi's General Store.
  4993 | D:5      | Entered Level 5 of the Dungeon
  5000 | D:5      | Found a staircase to the Ecumenical Temple.
  5010 | Temple   | Entered the Ecumenical Temple
  5128 | Temple   | Became a worshipper of Sif Muna the Loreminder
  5179 | D:5      | Reached XP level 6. HP: 28/28 MP: 11/11
  5206 | D:5      | Reached skill level 5 in Stealth
  5689 | D:5      | Reached skill level 5 in Dodging
  5689 | D:5      | Reached skill level 5 in Transmutations
  5803 | D:5      | Reached skill level 5 in Poison Magic
  6101 | D:5      | Reached skill level 1 in Air Magic
  6114 | D:5      | Reached XP level 7. HP: 30/32 MP: 5/12
  6395 | D:6      | Reached skill level 6 in Stealth
  6600 | D:6      | Noticed Eustachio
  6632 | D:6      | Noticed Prince Ribbit
  7038 | D:6      | Reached XP level 8. HP: 29/36 MP: 13/13
  7043 | D:6      | Reached * piety under Sif Muna
  7079 | D:5      | Killed Prince Ribbit
  7143 | D:6      | Reached skill level 7 in Stealth
  7278 | D:6      | Killed Eustachio
  7425 | D:6      | Noticed Sigmund
  7430 | D:6      | Killed Sigmund
  7469 | D:6      | Noticed Pikel
  7481 | D:6      | Killed Pikel
  7481 | D:6      | Reached skill level 8 in Stealth
  7481 | D:6      | Reached XP level 9. HP: 39/39 MP: 2/14
  7687 | D:6      | Reached skill level 5 in Air Magic
  7981 | D:6      | Found a bloodstained altar of Trog.
  8003 | D:6      | Reached skill level 1 in Short Blades
  8159 | D:6      | Reached skill level 9 in Stealth
  8431 | D:6      | Reached ** piety under Sif Muna
  8843 | D:7      | Reached XP level 10. HP: 44/44 MP: 15/15
  8863 | D:6      | Learned a level 4 spell: Olgreb's Toxic Radiance
  8940 | D:7      | Reached skill level 5 in Short Blades
  9412 | D:7      | Found a shadowy altar of Dithmenos.
  9419 | D:7      | Found a runed translucent gate.
  9419 | D:7      | Found a runed translucent gate.
  9419 | D:7      | Found a runed translucent gate.
  9419 | D:7      | Noticed BritishOli's ghost (novice DsFi)
  9420 | D:7      | Noticed nojaa's ghost (novice DDDe)
  9420 | D:7      | Noticed stillor's ghost (novice DsGl)
  9421 | D:7      | Noticed ICC's ghost (novice VSFi)
  9796 | D:7      | Noticed Maggie
  9804 | D:7      | Killed Maggie
  9804 | D:7      | Reached skill level 10 in Stealth
 10431 | D:8      | Noticed a two-headed ogre
 10464 | D:8      | Killed a two-headed ogre
 10624 | D:8      | Found an ornate altar of the Wu Jian Council.
 10625 | D:8      | Found an iron altar of Okawaru.
 10626 | D:8      | Found an ancient bone altar of Kikubaaqudgha.
 10679 | D:8      | Found Genuw's Distillery.
 10697 | D:8      | Bought 2 potions of heal wounds for 140 gold pieces
 10738 | D:8      | Reached *** piety under Sif Muna
 11009 | D:8      | Found a sacrificial altar of Ru.
 11384 | D:9      | Reached skill level 10 in Dodging
 11384 | D:9      | Reached skill level 10 in Poison Magic
 11681 | D:9      | Found Nennud's Magic Scroll Boutique.
 12076 | D:10     | Entered Level 10 of the Dungeon
 12084 | D:10     | Reached skill level 1 in Invocations
 12204 | D:10     | Noticed a deep elf mage
 12213 | D:10     | Noticed a two-headed ogre
 12215 | D:10     | Killed a deep elf mage
 12224 | D:10     | Killed a two-headed ogre
 12224 | D:10     | Reached skill level 11 in Stealth
 12224 | D:10     | Reached XP level 11. HP: 37/47 MP: 5/17
 12348 | D:10     | Noticed a seven-headed hydra
 12348 | D:10     | Noticed a deep elf mage
 12618 | D:10     | Noticed an unseen horror
 12633 | D:10     | Killed an unseen horror
 12850 | D:10     | Reached **** piety under Sif Muna
 12919 | D:10     | Noticed an ogre mage
 12927 | D:10     | Killed an ogre mage
 13033 | D:10     | Noticed a white ugly thing
 13047 | D:10     | Killed a white ugly thing
 13178 | D:10     | Found a staircase to the Lair.
 13360 | D:10     | Killed a seven-headed hydra
 13360 | D:10     | Reached skill level 5 in Spellcasting
 13360 | D:10     | Reached skill level 5 in Invocations
 13628 | D:10     | Noticed a centaur warrior
 13648 | D:10     | Killed a centaur warrior
 14023 | D:10     | Killed a deep elf mage
 14023 | D:10     | Reached skill level 12 in Stealth
 14337 | D:11     | Noticed Urug
 14342 | D:11     | Killed Urug
 14370 | D:11     | Found a flagged portal.
 14377 | Bailey   | Entered a bailey
 14470 | Bailey   | Reached ***** piety under Sif Muna
 14470 | Bailey   | Identified Sif Muna's Handbook of Transformation (Sif Muna
                  | gifted it to you in a bailey)
 14470 | Bailey   | Received a gift from Sif Muna
 14491 | Bailey   | Learned a level 6 spell: Eringya's Noxious Bog
 14598 | Bailey   | Noticed an orc knight
 14599 | Bailey   | Noticed an orc knight
 14609 | Bailey   | Killed an orc knight
 14609 | Bailey   | Reached XP level 12. HP: 51/51 MP: 7/22
 14609 | Bailey   | Reached skill level 10 in Short Blades
 14957 | Bailey   | Identified a scroll of acquirement
 14957 | Bailey   | Acquired the +10 quick blade "Baeplop" {pain, +Blink rElec
                  | rPois rF+}
 14965 | Bailey   | Learned a level 4 spell: Animate Dead
 15272 | D:11     | Reached skill level 1 in Necromancy
 15479 | D:11     | Noticed a death knight
 15482 | D:11     | Killed a death knight
 15489 | D:11     | Got a warped robe
 15500 | D:11     | Identified the cursed +0 robe "Nefuet" {Int+4} (You found
                  | it on level 11 of the Dungeon)
 15504 | D:11     | Found a staircase to the Orcish Mines.
 15646 | D:11     | Noticed Grum
 15656 | D:11     | Killed Grum
 15671 | D:11     | Reached skill level 13 in Stealth
 16124 | Orc:1    | Entered Level 1 of the Orcish Mines
 16125 | Orc:1    | Noticed an orc warlord
 16129 | Orc:1    | Identified Sif Muna's Disquisition on Displacement and the
                  | Entourage (Sif Muna gifted it to you on level 1 of the
                  | Orcish Mines)
 16129 | Orc:1    | Received a gift from Sif Muna
 16150 | Orc:1    | Killed an orc warlord
 16450 | Orc:2    | Entered Level 2 of the Orcish Mines
 16450 | Orc:2    | Found a staircase to the Elven Halls.
 16591 | Orc:2    | Noticed an orc warlord
 16709 | Orc:1    | Upgraded the game from 0.26-a0-346-g33516b1736 to
                  | 0.26-a0-362-g1d9a9cd4fa
 17133 | Orc:2    | Identified Hiumuvis's Disquisition on Moulding (Sif Muna
                  | gifted it to you on level 2 of the Orcish Mines)
 17133 | Orc:2    | Received a gift from Sif Muna
 17538 | Orc:2    | Found a roughly hewn altar of Beogh.
 17538 | Orc:2    | Found Huurirha's Antique Weapon Emporium.
 17538 | Orc:2    | Noticed an orc high priest
 17546 | Orc:2    | Killed an orc high priest
 17703 | Orc:2    | Found a roughly hewn altar of Beogh.
 17873 | Orc:2    | Found a roughly hewn altar of Beogh.
 18128 | Orc:2    | Found Qiboxap's Gadget Boutique.
 18172 | Orc:2    | Noticed an orc high priest
 18183 | Orc:2    | Killed an orc high priest
 18183 | Orc:2    | Reached skill level 5 in Necromancy
 18183 | Orc:2    | Reached XP level 13. HP: 39/55 MP: 16/26
 18193 | Orc:2    | Found a roughly hewn altar of Beogh.
 18238 | Orc:2    | Killed an orc warlord
 18338 | Orc:2    | Reached skill level 14 in Stealth
 18445 | Orc:2    | Found Meloplaj's Antique Armour Emporium.
 18446 | Orc:2    | Found a roughly hewn altar of Beogh.
 18449 | Orc:2    | Found Bonwiguy's Antique Weapon Shoppe.
 18474 | Orc:2    | Bought an embroidered cloak for 202 gold pieces
 18965 | Orc:1    | Identified Sif Muna's Papyrus of Bewitching Black Magic
                  | (Sif Muna gifted it to you on level 1 of the Orcish Mines)
 18965 | Orc:1    | Received a gift from Sif Muna
 19413 | D:11     | Learned a level 4 spell: Dispel Undead
 19513 | Lair:1   | Entered Level 1 of the Lair of Beasts
 20651 | Lair:2   | Reached skill level 1 in Fighting
 20651 | Lair:2   | Reached skill level 10 in Invocations
 21666 | Lair:2   | Got a vibrating brass ring
 21667 | Lair:2   | Identified the ring "Soomahir" {rCorr Dex+8 Slay-5 Stlth+}
                  | (You found it on level 2 of the Lair of Beasts)
 22462 | Lair:3   | Identified Sif Muna's Collected Works on Frigorific
                  | Displacement (Sif Muna gifted it to you on level 3 of the
                  | Lair of Beasts)
 22462 | Lair:3   | Received a gift from Sif Muna
 23104 | Lair:3   | Acquired a +1 buckler of protection
 23256 | D:8      | Bought a potion of experience for 700 gold pieces
 23256 | D:8      | Reached XP level 14. HP: 63/63 MP: 27/27
 23944 | Lair:4   | Found a dark tunnel.
 23980 | Volcano  | Entered a volcano
 24391 | Volcano  | Reached skill level 15 in Stealth
 24741 | Volcano  | Found a bloodstained altar of Trog.
 24827 | Lair:4   | Received a gift from Sif Muna
 24838 | Lair:4   | Reached skill level 5 in Shields
 24848 | Lair:4   | Reached XP level 15. HP: 43/68 MP: 11/28
 25313 | Lair:4   | Found a staircase to the Shoals.
 25530 | Lair:4   | Found a hole to the Spider Nest.
 26170 | Lair:5   | Noticed Snorg
 26182 | Lair:5   | Killed Snorg
 27046 | Lair:5   | Found a runed translucent door.
 27047 | Lair:5   | Found a viscous altar of Jiyva.
 27048 | Lair:5   | Found a staircase to the Slime Pits.
 27058 | Lair:5   | Received a gift from Sif Muna
 27141 | Lair:6   | Entered Level 6 of the Lair of Beasts
 29321 | D:10     | Learned a level 3 spell: Confusing Touch
 30381 | D:13     | Identified Sif Muna's Papyrus of the Supportive Traveller
                  | (Sif Muna gifted it to you on level 13 of the Dungeon)
 30381 | D:13     | Received a gift from Sif Muna
 30403 | D:13     | Reached skill level 5 in Fighting
 30403 | D:13     | Reached skill level 10 in Necromancy
 30762 | D:13     | Found a gate to the Vaults.
 30934 | D:13     | Found a runed translucent door.
 30947 | D:13     | Hit by a large rock thrown by a cyclops

Illustrated notes

Levels and vault maps discovered:
D:1:      saegor_arrival_miasma, layout_loops_cross, serial_forest,
          infiniplex_forest_lined_corner, infiniplex_forest_clump_small,
          infiniplex_forest_lined_ring, infiniplex_forest_lined_corner,
          infiniplex_forest_clump_curved, infiniplex_forest_zigzag_2
D:2:      layout_rooms, eat_drink_and_be_merry_uskayaw, serial_corexii_hall,
          corexii_hall_statues_x, corexii_hall_statues_s,
          uniq_crazy_yiuf_cottage
D:3:      layout_basic, lemuel_doored_altar
D:4:      layout_basic, serial_shops, kennysheep_little_box, shop, shop_coins,
          nicolae_shop_behind_doors
D:5:      layout_rooms, minmay_temple_entry_gardened_gates
D:6:      layout_basic, kennysheep_mini_moat, uniq_eustachio, uniq_sigmund,
          uniq_pikel, uniq_prince_ribbit1
D:7:      layout_layer_cave, gammafunk_ghost_cemetery, grunt_dithmenos_smoke,
          uniq_maggie
D:8:      layout_loops_ring, nicolae_ru_sacrificial_ziggurat,
          grunt_temple_overflow_open, serial_shops, shop_coins,
          minmay_manual_monstrance
D:9:      layout_cave_pods, serial_shops, nicolae_shop_behind_doors
D:10:     minmay_diamond_stairs, layout_basic, erik_lair_orcish_takeover,
          evilmike_butchery
D:11:     layout_loops_ring, orc_0_dummy, enter_bailey_3, uniq_urug, uniq_grum
D:12:     layout_irregular_city, drop_trap
D:13:     layout_rooms, david_vaults_3, serial_curves, eino_curves_01,
          eino_curves_04, eino_curves_01, lightli_airlock
Temple:   regret_index_temple_waves
Lair:1:   layout_chaotic_city, cheibrodos_lair_caveside_slide
Lair:2:   layout_roguey, minmay_shattered_shrine, grunt_megastairs_2
Lair:3:   layout_regular_city, serial_bayou_lake_a, minmay_lair_oklob_chamber
Lair:4:   layout_roguey [special_room_mythical_zoo], minmay_shoals_entry_beasts,
          spider_nest_entry_rubble, serial_rivers,
          chequers_serial_rivers_micro_b, chequers_serial_rivers_room_b,
          chequers_serial_rivers_micro_c, chequers_serial_rivers_micro_d,
          chequers_serial_rivers_marsh, nicolae_volcano_entry_lava_flow
Lair:5:   layout_regular_city, slime_altar_2, lemuel_fruit_tree, uniq_snorg
Lair:6:   due_jungle_book, layout_concentric_octagons, wad_woods_road_02,
          lemuel_fruit_fields
Orc:1:    layout_diamond_mine
Orc:2:    grunt_orc_community_town_hall, layout_caves,
          grunt_orc_community_big_house_2, grunt_orc_community_big_house_1,
          grunt_orc_community_house_2, grunt_orc_community_house_3,
          grunt_orc_community_house_1, grunt_orc_community_house_2,
          nicolae_orc_bridge_out

Skill      XL: |  1  2  3  4  5  6  7  8  9 10 11 12 13 14 15 |
---------------+----------------------------------------------+-----
Transmutations | 2 3 4 5 |  5.0
Stealth        | 4 5 6 8 9 11 12 13 14 15 | 15.0
Poison Magic   | 4 5 6 7 8 10 | 10.0
Dodging        | 4 5 6 7 9 10 | 10.0
Air Magic      | 1 3 4 5 |  5.0
Short Blades   | 4 7 9 10 | 10.0
Spellcasting   | 3 6 8 |  8.0
Invocations    | 2 6 9 10 11 13 | 13.0
Necromancy     | 5 7 8 10 | 10.3
Fighting       | 2 3 5 |  5.2
Shields        | 4 5 6 |  6.3

Action                   |  1- 3 |  4- 6 |  7- 9 | 10-12 | 13-15 || total
-------------------------+-------+-------+-------+-------+-------++-------
Melee: Dagger            |   100 |   228 |   184 |   388 |       ||   900
       Unarmed           |     2 |       |       |       |       ||     2
       Falchion          |       |     4 |    10 |    47 |       ||    61
       Quick blade       |       |       |       |   230 |  1124 ||  1354
Throw: Boomerang         |       |       |     1 |     2 |     3 ||     6
       Dart              |       |       |       |     1 |       ||     1
 Cast: Sting             |    23 |    32 |     7 |    14 |       ||    76
       Poisonous Vapours |     4 |     4 |    16 |    45 |    29 ||    98
       Ignite Poison     |       |       |    10 |    43 |    36 ||    89
       Mephitic Cloud    |       |       |     9 |    20 |    28 ||    57
       Olgreb's Toxic Ra |       |       |       |    24 |    17 ||    41
       Animate Dead      |       |       |       |       |    13 ||    13
       Dispel Undead     |       |       |       |       |     5 ||     5
Invok: Channel Magic     |       |       |       |       |     2 ||     2
Evoke: Wand              |       |       |     4 |    19 |     9 ||    32
  Use: Scroll            |       |    15 |     5 |    10 |     8 ||    38
       Potion            |       |       |       |     5 |     3 ||     8
 Stab: Sleeping          |     7 |    12 |     1 |    21 |    30 ||    71
       Distracted        |       |     1 |     1 |     7 |    10 ||    19
       Confused          |       |       |     3 |     7 |    12 ||    22
Armor: Robe              |     9 |    33 |     8 |     6 |    19 ||    75
       Steam dragon scal |       |       |       |    25 |       ||    25
Dodge: Dodged            |    87 |   226 |   140 |   446 |   405 ||  1304
Block: Other             |       |     6 |    46 |     9 |       ||    61
       Reflection        |       |       |       |     2 |       ||     2
       Buckler           |       |       |       |       |   135 ||   135
       Rpst.: Falchion   |       |     1 |     3 |    12 |       ||    16

Table legend:
 A = Non-vault XP
 B = Vault XP
 C = Vault XP percentage of total XP
 D = Non-vault monster count
 E = Vault monster count
 F = Vault count percentage of total count
                 A         B        C        D         E       F
            +---------+---------+-------+---------+---------+-------
      Total |   67712 |   48852 |  41.9 |     552 |     242 |  30.5
            +---------+---------+-------+---------+---------+-------
        D:1 |      47 |       0 |   0.0 |      27 |       0 |   0.0
        D:2 |      86 |      41 |  32.3 |      21 |       1 |   4.5
        D:3 |      74 |       0 |   0.0 |      31 |       0 |   0.0
        D:4 |     131 |       0 |   0.0 |      19 |       0 |   0.0
        D:5 |     456 |     277 |  37.8 |      12 |       1 |   7.7
        D:6 |    3361 |    1007 |  23.1 |      53 |       3 |   5.4
        D:7 |     994 |     395 |  28.4 |      22 |       1 |   4.3
        D:8 |    1840 |     184 |   9.1 |      24 |       4 |  14.3
        D:9 |     499 |       0 |   0.0 |      14 |       0 |   0.0
       D:10 |    4708 |    5024 |  51.6 |      37 |      16 |  30.2
       D:11 |    4089 |    1363 |  25.0 |      24 |       9 |  27.3
       D:12 |    3376 |       0 |   0.0 |      17 |       0 |   0.0
       D:13 |    3143 |    7021 |  69.1 |      29 |      23 |  44.2
     Lair:1 |    2490 |       0 |   0.0 |      15 |       0 |   0.0
     Lair:2 |    2278 |    3658 |  61.6 |      12 |      13 |  52.0
     Lair:3 |    4411 |     937 |  17.5 |      16 |       4 |  20.0
     Lair:4 |    6044 |    7185 |  54.3 |      29 |      29 |  50.0
     Lair:5 |    7861 |    1233 |  13.6 |      24 |       5 |  17.2
     Lair:6 |   15359 |    3790 |  19.8 |      34 |       8 |  19.0
      Orc:1 |    4094 |     337 |   7.6 |      50 |       2 |   3.8
      Orc:2 |    2371 |    8149 |  77.5 |      42 |      62 |  59.6
     Bailey |       0 |    3867 | 100.0 |       0 |      40 | 100.0
    Volcano |       0 |    4384 | 100.0 |       0 |      21 | 100.0
            +---------+---------+-------+---------+---------+-------
